 Dungeon Crawl Stone Soup version 0.28.0 (webtiles) character file.

Game seed: 6880550905139602623

5613 Minsecho the Fighter (level 10, -8/110 HPs)
             Began as an Ogre Berserker on Feb 15, 2022.
             Was an Elder of Trog.
             Mangled by a five-headed hydra (9 damage)
             ... on level 9 of the Dungeon.
             The game lasted 00:18:43 (13076 turns).

Minsecho the Fighter (Ogre Berserker)              Turns: 13076, Time: 00:18:44

Health: -8/110     AC:  9    Str: 29    XL:     10   Next: 73%
Magic:  7/10       EV:  9    Int:  8    God:    Trog [****..]
Gold:   294        SH: 13    Dex: 12    Spells: 9/9 levels left

rFire   . . .      SeeInvis .   e - +2 whip (venom)
rCold   . . .      Faith    .   E - +0 tower shield
rNeg    . . .      Spirit   .   K - +0 acid dragon scales
rPois   .          Reflect  .   D - +2 hat
rElec   .          Harm     .   (no cloak)
rCorr   +          Rampage  .   (gloves unavailable)
Will    +....                   (boots unavailable)
Stlth   ++........              (no amulet)
HPRegen 0.28/turn               s - +6 ring of strength
MPRegen 0.12/turn               (no ring)

@: about to teleport, on berserk cooldown, slowed, very slow
A: large, unfitting armour, tough skin 1, claws 1, MP-powered wands
a: Renounce Religion, Berserk, Trog's Hand, Brothers in Arms


You were on level 9 of the Dungeon.
You worshipped Trog.
Trog was greatly pleased with you.
You visited 1 branch of the dungeon, and saw 9 of its levels.
You also visited: Sewer.

You collected 294 gold pieces.

Inventory:

Hand Weapons
 a - a +0 mace
 e - a +2 whip of venom (weapon)
Armour
 b - a +0 animal skin
 l - a +1 robe of cold resistance
 p - a +0 kite shield
 D - a +2 hat (worn)
 E - a +0 tower shield (worn)
 I - +0 steam dragon scales
 K - +0 acid dragon scales (worn)
Jewellery
 s - a +6 ring of strength (left claw)
 C - a ring of ice
Wands
 j - a wand of polymorph (4)
 r - a wand of acid (4)
 B - a wand of digging (5)
 J - a wand of iceblast (3)
Scrolls
 c - 4 scrolls of teleportation
 g - 2 scrolls of enchant weapon
 h - a scroll of fog
 q - a scroll of vulnerability {unknown}
 t - 2 scrolls of magic mapping {unknown}
 u - a scroll of enchant armour {unknown}
 x - a scroll of amnesia {unknown}
 y - 2 scrolls of fear {unknown}
 A - 2 scrolls of silence {unknown}
 G - a scroll of identify
 H - a scroll of blinking {unknown}
Potions
 d - a potion of attraction {unknown}
 f - a potion of heal wounds
 i - 4 potions of mutation
 k - a potion of cancellation {unknown}
 m - a potion of ambrosia {unknown}
 n - 4 potions of curing
 o - a potion of lignification {unknown}
 v - 2 potions of might {unknown}
 w - 2 potions of brilliance
 z - a potion of degeneration {unknown}
 F - 2 potions of flight {unknown}


   Skills:
 + Level 10.1 Fighting
 + Level 9.2 Maces & Flails
 + Level 7.3 Dodging
 + Level 3.2 Stealth
 + Level 5.0 Shields
 + Level 0.9 Evocations


You had 9 spell levels left.
You didn't know any spells.
Your spell library contained the following spells:

 Spells                   Type           Power      Damage    Failure   Level
 Beastly Appendage        Tmut           0%         N/A       97%         1
 Wereblood                Tmut           0%         N/A       99%         2
 Ozocubu's Armour         Ice            0%         N/A       100%        3
 Spider Form              Tmut/Pois      0%         N/A       100%        3
 Petrify                  Tmut/Erth      0%         N/A       100%        4
 Metabolic Englaciation   Hex/Ice        0%         N/A       100%        5
 Statue Form              Tmut/Erth      0%         N/A       100%        6
 Ozocubu's Refrigeration  Ice            0%         4d5       100%        7
 Borgnjor's Revivificati  Necr           0%         N/A       100%        8
 Necromutation            Tmut/Necr      0%         N/A       100%        8
 Death's Door             Necr           0%         N/A       100%        9


Dungeon Overview and Level Annotations

Branches:
Dungeon (9/15)             Temple (0/1) D:6            Lair (0/6) D:9
  Sewer (visited)
    Orc: D:9-12

Altars:
Ashenzari
Gozag
Hepliaklqana
Makhleb
Ru
Trog
Vehumet
Yredelemnul
The Shining One

Annotations:
D:6 2 runed translucent doors, exclusion: statue, ddubois's ghost, novice DjVM
D:9 Gastronok


Innate Abilities, Weirdness & Mutations

You are too large for most types of armour.
You have tough skin. (AC +1)
You have sharp fingernails.
You expend magic power (3 MP) to strengthen your wands.


Message History

You feel a surge of power!
The mass of ice explodes!
The iceblast engulfs the five-headed hydra!
The five-headed hydra is severely wounded.
Unknown command.
Unknown command.
Unknown command.
Okay, then.
You feel much better.
You block the five-headed hydra's attack.
The five-headed hydra completely misses you.
The five-headed hydra bites you.
* * * LOW HITPOINT WARNING * * *
The five-headed hydra bites you.
* * * LOW HITPOINT WARNING * * *
The five-headed hydra bites you!
* * * LOW HITPOINT WARNING * * *
You feel much better.
You block the five-headed hydra's attack.
The five-headed hydra bites you.
* * * LOW HITPOINT WARNING * * *
The five-headed hydra bites you.
* * * LOW HITPOINT WARNING * * *
The five-headed hydra bites you.
* * * LOW HITPOINT WARNING * * *
You block the five-headed hydra's attack.
The five-headed hydra bites you!
* * * LOW HITPOINT WARNING * * *
The five-headed hydra barely misses you.
You block the five-headed hydra's attack.
The five-headed hydra bites you but does no damage.
You block the five-headed hydra's attack.
As you read the scroll of teleportation, it crumbles to dust.
You feel strangely unstable.
You block the five-headed hydra's attack.
The five-headed hydra bites you!
* * * LOW HITPOINT WARNING * * *
You block the five-headed hydra's attack.
The five-headed hydra barely misses you.
The five-headed hydra bites you!
You die...

....### ...... ..... ##
#...... #........##
#...... ### .....###
......[ #.# .......##
..... #.####.........
..##.#.###.............#
....^........รท.........#
.......@D..))#######....
........##.)............
........##.#....####....
.....!..##.#....# #.#..
############....# #.#..
#....# #.##. #....# #.##.
#....# #.### .....# #.# #


You could see a five-headed hydra (very poisoned).

Vanquished Creatures
  A two-headed ogre (D:9)
  Maggie (D:9)
  A yak (D:8)
  A vampire (D:8)
  A wyvern (D:9)
  Eustachio (D:3)
  2 steam dragons
  3 orc warriors
  A sky beast (D:6)
  4 ice beasts
  A black bear (D:8)
  4 ogres
  4 centaurs
  A necrophage (D:6)
  2 kobold brigands
  3 bullfrogs (D:8)
  2 scorpions
  A water moccasin zombie (D:5)
  A wyvern zombie (D:8)
  A wyvern skeleton (D:6)
  6 wights
  15 killer bees
  2 howler monkeys
  3 orc priests
  A jelly (D:6)
  2 hounds (D:5)
  2 centaur skeletons
  2 bullfrog skeletons
  2 iguanas (D:5)
  5 orc wizards
  A killer bee zombie (D:8)
  A hound skeleton (D:6)
  9 adders
  5 river rats (Sewer)
  3 white imps
  An adder skeleton (D:5)
  2 worms
  2 dart slugs
  30 orcs
  8 endoplasms
  5 giant cockroaches
  5 hobgoblins
  3 jackals (Sewer)
  4 quokkas
  8 ball pythons
  3 bats
  7 frilled lizards
  4 goblins
  12 kobolds
  6 rats
195 creatures vanquished.

Vanquished Creatures (others)
  11 plants
11 creatures vanquished.

Grand Total: 206 creatures vanquished

Notes
Turn   | Place    | Note
-------+----------+-------------------------------------------
     0 | D:1      | Minsecho the Ogre Berserker began the quest for the Orb.
     0 | D:1      | Reached XP level 1. HP: 24/24 MP: 1/1
   426 | D:1      | Reached XP level 2. HP: 33/33 MP: 2/2
   824 | D:1      | Reached XP level 3. HP: 31/40 MP: 3/3
  1876 | D:2      | Reached ** piety under Trog
  2336 | D:3      | Reached XP level 4. HP: 23/49 MP: 4/4
  2452 | D:3      | Noticed Sigmund
  2454 | D:3      | Noticed Sigmund
  2454 | D:3      | Sigmund changed into Sigmund the hobgoblin
  2463 | D:3      | Killed Sigmund the hobgoblin
  2740 | D:3      | Reached skill level 5 in Fighting
  3123 | D:3      | Reached XP level 5. HP: 56/57 MP: 5/5
  3319 | D:3      | Found a faded altar of an unknown god.
  3536 | D:4      | Noticed Eustachio
  3551 | D:3      | Killed Eustachio
  3552 | D:3      | Reached skill level 1 in Stealth
  3552 | D:3      | Reached XP level 6. HP: 33/66 MP: 6/6
  4023 | D:4      | Found a glowing golden altar of the Shining One.
  4306 | D:4      | Found a hazy altar of Hepliaklqana.
  4484 | D:4      | Found a basalt altar of Yredelemnul.
  4788 | D:5      | Entered Level 5 of the Dungeon
  4794 | D:5      | Reached skill level 6 in Fighting
  4819 | D:5      | Reached skill level 5 in Maces & Flails
  4819 | D:5      | Reached XP level 7. HP: 36/75 MP: 7/7
  5015 | D:5      | Found a bloodstained altar of Trog.
  5188 | D:5      | Found a glowing drain.
  5219 | D:5      | Reached XP level 8. HP: 21/84 MP: 8/8
  5224 | Sewer    | Entered a sewer
  5647 | Sewer    | Reached *** piety under Trog
  5842 | Sewer    | Reached skill level 1 in Shields
  6332 | D:5      | Reached skill level 7 in Fighting
  6722 | D:5      | Found a sacrificial altar of Ru.
  6973 | D:6      | Reached skill level 5 in Dodging
  7065 | D:6      | Found a staircase to the Ecumenical Temple.
  7360 | D:6      | Found a broken altar of Ashenzari.
  7394 | D:6      | Found a large runed translucent door.
  7394 | D:6      | Found a large runed translucent door.
  7396 | D:6      | Noticed ddubois's ghost (novice DjVM)
  7583 | D:6      | Found a radiant altar of Vehumet.
  7781 | D:6      | Found a burning altar of Makhleb.
  7812 | D:6      | Reached XP level 9. HP: 84/96 MP: 9/9
  8117 | D:7      | Gained mutation: You expend magic power (3 MP) to
                  | strengthen your wands. [potion of mutation]
  8117 | D:7      | Gained mutation: You have sharp fingernails. [potion of
                  | mutation]
  8283 | D:7      | Reached **** piety under Trog
  8284 | D:7      | Reached skill level 8 in Fighting
 10471 | D:8      | Reached skill level 9 in Fighting
 10753 | D:8      | Reached XP level 10. HP: 43/107 MP: 10/10
 11325 | D:9      | Noticed Maggie
 12142 | D:9      | Found a staircase to the Lair.
 12245 | D:9      | Found an opulent altar of Gozag.
 12254 | D:9      | Noticed a two-headed ogre
 12275 | D:9      | Killed a two-headed ogre
 12336 | D:9      | Noticed Gastronok
 12740 | D:9      | Killed Maggie
 12741 | D:9      | Reached skill level 10 in Fighting
 13022 | D:9      | Reached skill level 5 in Shields
 13060 | D:9      | Noticed a five-headed hydra
 13067 | D:9      | HP: 7/165 [five-headed hydra (5)]
 13074 | D:9      | HP: 5/110 [five-headed hydra (7)]
 13076 | D:9      | HP: 1/110 [five-headed hydra (9)]
 13076 | D:9      | Mangled by a five-headed hydra

Illustrated notes

Levels and vault maps discovered:
D:1:      tarquinn_simple_flora_water_a, layout_basic
D:2:      layout_loops_ring, serial_forest, infiniplex_forest_straight_2,
          infiniplex_forest_clump_long, infiniplex_forest_clump_tiny,
          infiniplex_forest_zigzag_2, infiniplex_forest_clump_medium,
          infiniplex_forest_clump_small, infiniplex_forest_straight_4,
          st_stairs_12
D:3:      layout_basic, shapermc_ecumenical_altar_notcrosses,
          supply_closet_lemuel, uniq_sigmund
D:4:      layout_gridville, kennysheep_mini_moat, mainiacjoe_overflow_alcove_2,
          mainiacjoe_overflow_concentric_impassable,
          chequers_serial_rivers_micro_a, uniq_eustachio
D:5:      layout_rooms, lemuel_round_altar, mainiacjoe_overflow_small_starburst,
          gup_sewer_entry_glass, chequers_garden
D:6:      layout_loops_cross, makhleb_blood_cavern_becter, old_standard_altar,
          vehumet_statue, minmay_temple_entry_statues_pillars,
          ebering_ghost_disaster_area
D:7:      layout_loops_ring
D:8:      layout_rooms
D:9:      minmay_the_grid_four_pointed_star_mashed
          [minmay_the_grid_triangle_9x9_from_above,
          minmay_the_grid_triangle_9x9_thin_v,
          minmay_the_grid_triangle_9x9_pentomino_pain,
          minmay_the_grid_triangle_9x9_sparse_checkered,
          minmay_the_grid_prize_diamond_cup], layout_basic,
          grunt_dithmenos_smoke, mainiacjoe_overflow_tiny_flanked,
          lemuel_coloured_pillars_altar, lair_entry_dummy, serial_glass,
          glass_columns_a, glass_columns_a, uniq_joseph, uniq_gastronok,
          uniq_maggie

Skill      XL: |  1  2  3  4  5  6  7  8  9 10 |
---------------+-------------------------------+-----
Maces & Flails | 3 4 5 7 8 9 |  9.2
Dodging        | 3 4 5 6 7 |  7.3
Fighting       | 5 6 7 9 10 | 10.1
Stealth        | 1 2 3 |  3.2
Shields        | 1 3 5 |  5.0
Evocations     | |  0.9

Action                   |  1- 3 |  4- 6 |  7- 9 | 10-12 || total
-------------------------+-------+-------+-------+-------++-------
Melee: Whip              |    86 |   100 |   438 |   169 ||   793
       Mace              |     5 |       |       |       ||     5
       Punch             |     2 |     1 |       |       ||     3
Invok: Berserk           |       |       |       |     4 ||     4
       Trog's Hand       |       |       |       |     2 ||     2
Evoke: Wand              |       |     1 |       |     9 ||    10
  Use: Scroll            |       |       |     7 |     2 ||     9
       Potion            |       |       |     2 |     4 ||     6
 Stab: Sleeping          |       |     2 |     3 |       ||     5
Armor: Animal skin       |    23 |     1 |       |       ||    24
       Robe              |       |    29 |    76 |       ||   105
       Steam dragon scal |       |       |       |    35 ||    35
       Acid dragon scale |       |       |       |    12 ||    12
Dodge: Dodged            |    32 |    55 |   153 |    63 ||   303
Block: Kite shield       |       |       |    75 |       ||    75
       Tower shield      |       |       |    63 |   116 ||   179
